 Dungeon Crawl Stone Soup version 0.31-a0-370-g25055926c8 (webtiles) character file.

Game seed: 16627109207999048950

138 Morbidden the Shooter (level 5, -1/41 HPs)
             Began as a Formicid Hunter on July 29, 2023.
             Slain by an orc priest
             ... wielding a +0 whip
              (7 damage)
             ... on level 3 of the Dungeon.
             The game lasted 00:01:38 (1612 turns).

Morbidden the Shooter (Formicid Hunter)             Turns: 1612, Time: 00:01:38

Health: -1/41      AC:  4    Str: 15    XL:     5   Next: 45%
Magic:  5/5        EV: 12    Int:  9    God:
Gold:   88         SH:  0    Dex: 19    Spells: 4/4 levels left

rFire   . . .        a - +0 shortbow
rCold   . . .        (no shield)
rNeg    . . .        c - +0 leather armour
rPois   .            (helmet unavailable)
rElec   .            (no cloak)
rCorr   .            i - +0 pair of gloves
SInv    +            (no boots)
Will    .....        (no amulet)
Stlth   ++           (no ring)
HPRegen 0.26/turn    (no ring)
MPRegen 0.09/turn

%: no passive effects
@: lethally poisoned (-1 -> -3)
A: permanent stasis, dig shafts and tunnels, antennae 3, four strong arms
a: Dig, Shaft Self


You were on level 3 of the Dungeon.
You visited 1 branch of the dungeon, and saw 3 of its levels.

You collected 88 gold pieces.

Inventory:

Hand Weapons
 a - a +0 shortbow (weapon)
 j - a +0 dagger
Armour
 c - a +0 leather armour (worn)
 i - a +0 pair of gloves (worn)
Jewellery
 n - a ring of fire
Wands
 l - a wand of quicksilver (9)
Scrolls
 b - a scroll of butterflies
 f - 2 scrolls of revelation {unknown}
 g - 3 scrolls of identify {unknown}
 h - a scroll of summoning {unknown}
 m - 2 scrolls of brand weapon {unknown}
 o - a scroll of amnesia {unknown}
 p - 2 scrolls of teleportation {unknown}
 q - 3 scrolls of fog {unknown}
 r - a scroll of noise {unknown}
 s - a scroll of vulnerability {unknown}
Potions
 d - 3 potions of curing {unknown}
 e - a potion of degeneration {unknown}
 k - 2 potions of heal wounds {unknown}


   Skills:
 * Level 3.5 Fighting
 * Level 0.8 Short Blades
 * Level 5.3 Ranged Weapons
 * Level 1.3 Armour
 * Level 2.0 Dodging
 + Level 1.2 Stealth


You had 4 spell levels left.
You didn't know any spells.
Your spell library was empty.

Dungeon Overview and Level Annotations

Branches:
Dungeon (3/15)

Altars:
Ashenzari

Annotations:
D:3 Sigmund


Innate Abilities, Weirdness & Mutations

You cannot be hasted, slowed, berserked, paralysed or teleported.
You can dig through walls and to a lower floor.
You have a pair of large antennae on your head. (SInv)
Your four strong arms can wield two-handed weapons with a shield.


Message History

The orc priest calls down the wrath of Beogh upon you.
Beogh smites you! The adder bites you but does no damage.
The orc hits you with a +0 dagger.
You shoot an arrow.
The arrow hits the orc but does no damage.
The orc is severely wounded.
The adder bites you but does no damage. The orc hits you but does no damage.
The orc closely misses you.
Unknown command.
You shoot an arrow. The arrow hits the orc.
You kill the orc!
The adder bites you.
You are poisoned.
The adder poisons you! The orc priest barely misses you.
The orc barely misses you. The adder barely misses you.
Unknown command.
You are too injured to fight recklessly!
Unknown command.
You are too injured to fight recklessly!
Unknown command.
You are now empty-handed.
You feel sick.
Unknown command.
Unknown command.
a - a +0 shortbow (weapon)
You feel sick. The adder closely misses you. The orc priest misses you.
The orc hits you but does no damage.
Unknown command.
You are too injured to fight recklessly!
Unknown command.
Okay, then.
Are you sure you want to shaft yourself?
You feel sick. The adder misses you. The orc hits you with a +0 flail!
* * * LOW HITPOINT WARNING * * *
The orc priest completely misses you.
You begin to dig a shaft.
You continue digging a shaft.
You feel sick. The adder bites you but does no damage.
The orc hits you with a +0 flail.
* * * LOW HITPOINT WARNING * * *
Sigmund barely misses you. The orc priest hits you with a +0 whip!
You die...

..≈≈_≈≈...................#
#.≈≈≈≈≈...###..###..####.##
#..≈≈≈..#.......##..# ..
#.......###......##.## ##
###.###.# #.##†..>.... ..
##..##.#..####.##
...........###.#
[..............
.......@)...###
......Soo...# .......@....#
.........)..# .......?....#
...........## ...........#
...........#


You could see Sigmund (invisible), an orc priest, an adder and an orc.

Vanquished Creatures
  Jessica (D:2)
  4 gnolls
  3 adders (D:2)
  2 orcs (D:3)
  6 ball pythons
  4 endoplasms
  A giant cockroach (D:1)
  3 goblins (D:1)
  2 hobgoblins (D:1)
  3 quokkas
  5 bats
  5 frilled lizards
  7 kobolds
  A rat (D:2)
47 creatures vanquished.

Notes
Turn   | Place    | Note
-------+----------+-------------------------------------------
     0 | D:1      | Morbidden the Formicid Hunter began the quest for the Orb.
     0 | D:1      | Reached XP level 1. HP: 16/16 MP: 1/1
   103 | D:1      | Reached XP level 2. HP: 23/23 MP: 2/2
   141 | D:1      | Reached skill level 1 in Armour
   236 | D:1      | Found a faded altar of an unknown god.
   305 | D:1      | Reached XP level 3. HP: 28/28 MP: 3/3
  1049 | D:2      | Reached XP level 4. HP: 34/34 MP: 4/4
  1189 | D:2      | Noticed Jessica
  1195 | D:2      | Killed Jessica
  1196 | D:2      | Reached skill level 5 in Ranged Weapons
  1196 | D:2      | Reached XP level 5. HP: 40/41 MP: 5/5
  1564 | D:3      | Found a broken altar of Ashenzari.
  1605 | D:3      | Noticed Sigmund
  1612 | D:3      | Slain by an orc priest

Illustrated notes

Levels and vault maps discovered:
D:1:      psy_arrival_terrarium, layout_basic, chequers_ecumenical_altar_island
D:2:      layout_rooms, nicolae_grassy_gnolls, uniq_jessica
D:3:      layout_basic, mainiacjoe_overflow_catwalk, wad_floor_pattern_1,
          minmay_misc_feat_room, minmay_misc_feat_square, uniq_sigmund

Skill      XL: |  1  2  3  4 |
---------------+-------------+-----
Armour         | 1 |  1.3
Dodging        | 2 |  2.0
Fighting       | 3 |  3.5
Ranged Weapons | 5 |  5.3
Short Blades   | |  0.8
Stealth        | |  1.2

Action                     |  1- 3 |  4- 6 || total
---------------------------+-------+-------++-------
   Fire: Shortbow          |    84 |    71 ||   155
Ability: Shaft Self        |       |     1 ||     1
 Armour: Leather armour    |    10 |    13 ||    23
  Dodge: Dodged            |    31 |    31 ||    62

Table legend: (Time is in decaauts)
 A = Elapsed time spent in this place.
 B = Non-inter-level travel time spent in this place.
 C = Inter-level travel time spent in this place.
 D = Time resting spent in this place.
 E = Time spent auto-exploring this place.
 F = Levels seen in this place.
 G = Mean time per level.
                   A        B        C        D        E       F      G
               +--------+--------+--------+--------+--------+-----+--------+
         Total |   1646 |   1520 |    126 |    392 |    837 |   3 |  548.7 |
       Dungeon |   1646 |   1520 |    126 |    392 |    837 |   3 |  548.7 |
               +--------+--------+--------+--------+--------+-----+--------+

Top non-repeatable levels by time:
     D:1: 1016 daAuts
     D:2: 511 daAuts
     D:3: 118 daAuts
